 Dungeon Crawl Stone Soup version 0.32-a0-85-g672eff3212 (webtiles) character file.

Game seed: 13417310889641066682

31 Armakuni the Insei (level 3, 28/28 HPs)
             Began as a Vampire Monk on Feb 6, 2024.
             Quit the game on level 2 of the Dungeon.
             The game lasted 00:02:28 (923 turns).

Armakuni the Insei (Vampire Monk)                    Turns: 923, Time: 00:02:29

Health: 28/28      AC:  2    Str: 10    XL:     3   Next: 7%
Magic:  3/3        EV: 13    Int: 12    God:
Gold:   55         SH:  0    Dex: 18    Spells: 2/2 levels left

rFire   . .          .
                       - Unarmed
rCold   . . .        c - orb {light}
rNeg    . . .        a - +0 robe
rPois   .            (no helmet)
rElec   .            (no cloak)
rCorr   .            (no gloves)
SInv    +            (no boots)
Will    .....        (no amulet)
Stlth   +            (no ring)
HPRegen 0.44/turn    (no ring)
MPRegen 0.08/turn

%: no passive effects
@: healing quickly, glowing
A: alive, fangs 3, see invisible, vampiric 2
a: Exsanguinate


You were on level 2 of the Dungeon.
You visited 1 branch of the dungeon, and saw 2 of its levels.

You collected 55 gold pieces.

Inventory:

Armour
 a - a +0 robe (worn)
 c - an orb of light (worn)
 e - a +0 robe
 f - a +0 robe
Scrolls
 g - a scroll of immolation {unknown}
 h - a scroll of noise {unknown}
 k - a scroll of identify {unknown}
 l - a scroll of enchant armour {unknown}
 m - a scroll of brand weapon {unknown}
Potions
 b - a potion of ambrosia
 d - 2 potions of haste {unknown}
 i - a potion of brilliance {unknown}
 j - a potion of curing {unknown}


   Skills:
 - Level 2.7 Fighting
 - Level 3.3 Dodging
 + Level 4.6 Unarmed Combat


You had 2 spell levels left.
You didn't know any spells.
Your spell library was empty.

Dungeon Overview and Level Annotations

Branches:
Dungeon (2/15)

Altars:


Innate Abilities, Weirdness & Mutations

Your natural rate of healing is accelerated.
You have razor-sharp teeth.
You have supernaturally acute eyesight. (SInv)
You are afflicted with vampirism and can become a bat while bloodless.


Message History

You can now turn into a vampire bat when bloodless.
You see here a bat corpse.
A bat comes into view.
The bat hits you but does no damage.
A bat is nearby!
A bat is nearby!
The bat barely misses you.
You hit the bat.
The bat is moderately wounded.
The bat hits you. The bat hits you. The bat closely misses you.
The bat hits you but does no damage.
You hit the bat.
You kill the bat!
No target in view!
No target in view!
HP restored.
l - a scroll labelled VOOBROGUNK
Found a stone staircase leading down.
Found a stone staircase leading up.
An endoplasm comes into view.
An endoplasm is nearby!
The endoplasm jiggles.
There is a stone staircase leading up here.
You hit the endoplasm. You bite the endoplasm.
You kill the endoplasm!
No target in view!
No target in view!
No target in view!
A dart slug comes into view.
Found a stone staircase leading up and a stone staircase leading down.
The dart slug launches a dart at you. The slug dart misses you.
You see here a scroll labelled ECHULUMALA.
A dart slug is nearby!
A dart slug is nearby!
m - a scroll labelled ECHULUMALA Are you sure you want to abandon this character and quit the game? (Confirm with "yes".)
Okay, then.
Are you sure you want to abandon this character and quit the game? (Confirm with "yes".)

+..##...#
#...<...#
+.###.#......
#.##..#######
+.##.## #.##.#
. +.##.# .## #.
#.# ... #@# #.
#......w>...
####.
.....##########
..... ####
...... ...###
#.... ##### ##.
#..


You could see a dart slug.

Vanquished Creatures
  2 ball pythons (D:1)
  3 endoplasms
  2 giant cockroaches
  4 hobgoblins (D:1)
  4 jackals (D:1)
  A quokka (D:1)
  4 bats
  A frilled lizard (D:1)
  2 kobolds (D:1)
  5 rats (D:1)
28 creatures vanquished.

Notes
Turn   | Place    | Note
-------+----------+-------------------------------------------
     0 | D:1      | Armakuni the Vampire Monk began the quest for the Orb.
     0 | D:1      | Reached XP level 1. HP: 17/17 MP: 1/1
   237 | D:1      | Reached XP level 2. HP: 19/23 MP: 2/2
   262 | D:1      | Reached skill level 4 in Unarmed Combat
   856 | D:2      | Gained mutation: You are afflicted with vampirism and can
                  | become a bat while bloodless. [Vampire growth]
   856 | D:2      | Reached XP level 3. HP: 28/28 MP: 3/3
   923 | D:2      | Quit the game

Illustrated notes

Levels and vault maps discovered:
D:1:      scummos_arrival_simple_crosswalls, layout_loops_ring
D:2:      layout_rooms, chequers_avenue, minmay_rat_gold_closets

Skill      XL: |  1  2 |
---------------+-------+-----
Unarmed Combat | 4 |  4.6
Fighting       | |  2.7
Dodging        | |  3.3

Action                     || total
---------------------------++-------
  Melee: Unarmed           ||    59
         Bite              ||     7
   Stab: Sleeping          ||     1
 Armour: Robe              ||    27
  Dodge: Dodged            ||    40

Table legend: (Time is in decaauts)
 A = Elapsed time spent in this place.
 B = Non-inter-level travel time spent in this place.
 C = Inter-level travel time spent in this place.
 D = Time resting spent in this place.
 E = Time spent auto-exploring this place.
 F = Levels seen in this place.
 G = Mean time per level.
                   A        B        C        D        E       F      G
               +--------+--------+--------+--------+--------+-----+--------+
         Total |    918 |    880 |     38 |      0 |    654 |   2 |  459.0 |
       Dungeon |    918 |    880 |     38 |      0 |    654 |   2 |  459.0 |
               +--------+--------+--------+--------+--------+-----+--------+

Top non-repeatable levels by time:
     D:1: 766 daAuts
     D:2: 151 daAuts
